 Dungeon Crawl Stone Soup version 0.31.0-9-g3a7656b989 (webtiles) character file.

Game seed: 8389066128454854655

31 Killerpretzel the Scratcher (level 3, 18/18 HPs)
             Began as a Felid Shapeshifter on Feb 5, 2024.
             Quit the game on level 2 of the Dungeon.
             The game lasted 00:03:45 (943 turns).

Killerpretzel the Scratcher (Felid Shapeshifter)     Turns: 943, Time: 00:03:46

Health: 18/18      AC:  1    Str: 10    XL:     3   Next: 7%
Magic:  4/4        EV: 18    Int: 13    God:
Gold:   31         SH:  0    Dex: 17    Spells: 2/2 levels left
                                        Lives:  0   Deaths: 1

rFire   . .          .
                       - Unarmed
rCold   . . .        (shield unavailable)
rNeg    . . .        (body armour unavailable)
rPois   .            (helmet unavailable)
rElec   .            (cloak unavailable)
rCorr   .            (gloves unavailable)
SInv    +            (boots unavailable)
Will    .....        (no amulet)
Stlth   ++           d - ring of flight
HPRegen 0.23/turn    (no ring)
MPRegen 0.09/turn

%: no passive effects
@: beast-form, flying
A: beast (slay +1), very small, claws 1, fangs 3, see invisible, shaggy fur 1,
stealthy paws, no weapons or thrown items, no armour, multi-lived
a: Begin Untransformation


You were on level 2 of the Dungeon.
You were a hulking beast.
You visited 1 branch of the dungeon, and saw 2 of its levels.

You collected 31 gold pieces.

Inventory:

Jewellery
 d - a ring of flight (left paw)
Talismans
 b - a beast talisman (active)
 c - a flux talisman
Potions
 a - a potion of lignification
 e - a potion of brilliance {unknown}


   Skills:
 + Level 1.5 Fighting
 + Level 3.2 Dodging
 + Level 3.2 Unarmed Combat
 * Level 3.1 Shapeshifting


You had 2 spell levels left.
You didn't know any spells.
Your spell library contained the following spells:

 Spells                   Type           Power      Damage    Failure   Level
 Slow                     Hex            0%         N/A       30%         1
 Confusing Touch          Hex            0%         N/A       67%         3
 Sigil of Binding         Hex            0%         N/A       67%         3
 Vampiric Draining        Necr           0%         2d6       67%         3


Dungeon Overview and Level Annotations

Branches:
Dungeon (2/15)

Altars:

Annotations:
D:2 Natasha


Innate Abilities, Weirdness & Mutations

You are a hulking beast.
Your limbs bulge with bestial killing power. (Slay +1)
You have sharp claws.
You have razor-sharp teeth.
You have supernaturally acute eyesight. (SInv)
You are covered in fur. (AC +1)
Your paws help you pounce on unaware monsters.
You are incapable of wielding weapons or throwing items.
You cannot wear armour.
You gain extra lives every three experience levels.


Message History

A goblin is nearby!
Natasha, Servant of Life and Death comes into view.
You see here a +0 robe.
There are monsters nearby!
Natasha hisses angrily.
You scratch the goblin.
The goblin is heavily wounded.
The goblin misses you.
Natasha casts a spell.
There are monsters nearby!
You scratch the goblin. You bite the goblin.
You kill the goblin!
Natasha casts a spell at you.
You feel yourself slow down.
There are monsters nearby!
Natasha casts a spell at you.
You feel as though you will be slow longer.
You see here a +0 club.
There are monsters nearby!
The cerulean imp hits you from afar with a +1 spear.
Natasha stares at you and mumbles some strange words.
The magic dart hits you.
There are monsters nearby!
You are too injured to fight recklessly!
There are monsters nearby!
The cerulean imp closely misses you.
You see here a +0 club.
The cerulean imp hits you with a +1 spear.
Natasha misses you. The cerulean imp closely misses you.
You scratch Natasha.
Natasha is moderately wounded.
Natasha growls.
Natasha casts a spell at you. The magic dart hits you!
You die...
Your shape twists and changes as you die.
The cerulean imp closely misses you.
Natasha mumbles some strange words.
You rejoin the land of the living...
Are you sure you want to abandon this character and quit the game? (Confirm with "yes".)

#># .# #.# .#
... .# #.# .#
#># .# #.# .#
#.# #.####.#
#<# #....h.#
#...........#
##########.##
#.# #.# #.#
#.# #.#


There were no monsters in sight!

Vanquished Creatures
  2 dart slugs (D:1)
  4 ball pythons (D:1)
  A bat (D:1)
  5 endoplasms (D:1)
  2 giant cockroaches (D:1)
  3 goblins
  A hobgoblin (D:1)
  2 kobolds (D:1)
  A quokka (D:1)
  A frilled lizard (D:1)
22 creatures vanquished.

Notes
Turn   | Place    | Note
-------+----------+-------------------------------------------
     0 | D:1      | Killerpretzel the Felid Shapeshifter began the quest for
                  | the Orb.
     0 | D:1      | Reached XP level 1. HP: 10/10 MP: 2/2
   176 | D:1      | Reached XP level 2. HP: 14/14 MP: 3/3
   699 | D:1      | Reached XP level 3. HP: 18/18 MP: 4/4
   935 | D:2      | Noticed Natasha
   942 | D:2      | Killed from afar by Natasha
   942 | D:2      | Lost a life (0 lives remaining)
   943 | D:2      | Quit the game

Illustrated notes

Levels and vault maps discovered:
D:1:      lightli_arrival_boilingwater, layout_basic
D:2:      layout_loops_ring, basic_altar, mrwooster_statue_mirror, uniq_natasha

Skill      XL: |  1  2 |
---------------+-------+-----
Dodging        | 3 |  3.2
Shapeshifting  | 3 |  3.1
Fighting       | |  1.5
Unarmed Combat | |  3.2

Action                     || total
---------------------------++-------
  Melee: Unarmed           ||    44
         Bite              ||     4
         Punch             ||     1
   Stab: Sleeping          ||     2
 Armour: Skin              ||    14
  Dodge: Dodged            ||    31
   Form: Beast             ||     2
                           ||     1
